 Dungeon Crawl Stone Soup version 0.31-a0-1576-ga3383bade6 (webtiles) character file.

Game seed: 13612809404998743703

14 Flugslaktarn the Apothecary (level 2, 17/17 HPs)
             Began as an Octopode Alchemist on Jan 4, 2024.
             Was a Follower of Fedhas.
             Quit the game on level 2 of the Dungeon.
             The game lasted 00:00:30 (217 turns).

Flugslaktarn the Apothecary (Octopode Alchemist)     Turns: 217, Time: 00:00:30

Health: 17/17      AC:  1    Str:  7    XL:     2   Next: 41%
Magic:  1/5        EV: 13    Int: 17    God:    Fedhas [*.....]
Gold:   29         SH:  0    Dex: 12    Spells: 4/5 levels left

rFire   . . .        (no weapon)
rCold   . . .        (no shield)
rNeg    . . .        (helmet restricted)
rPois   .            (no amulet)
rElec   .            (no ring)
rCorr   .            (no ring)
SInv    .            (no ring)
Will    .....        (no ring)
Stlth   +++          (no ring)
HPRegen 0.22/turn    (no ring)
MPRegen 0.09/turn    (no ring)
                     (no ring)

%: no passive effects
@: no status effects
A: almost no armour, amphibious, 8 rings, camouflage 1, gelatinous body 1,
(nimble swimmer 1), tentacles
a: Renounce Religion


You were on level 2 of the Dungeon.
You worshipped Fedhas.
Fedhas was aware of your devotion.
You visited 1 branch of the dungeon, and saw 2 of its levels.

You collected 29 gold pieces.

Inventory:

Talismans
 b - a flux talisman
   (You found it on level 2 of the Dungeon)
Scrolls
 c - a scroll of noise {unknown}
Potions
 a - a potion of magic


   Skills:
 - Level 2.0 Dodging
 - Level 2.6 Stealth
 + Level 2.3 Spellcasting
 - Level 1.0 Conjurations
 * Level 3.9 Alchemy


You had 4 spell levels left.
You knew the following spells:

 Your Spells              Type           Power      Damage    Failure   Level
a - Sting                 Conj/Alch      40%        1d5       7%          1

Your spell library contained the following spells:

 Spells                   Type           Power      Damage    Failure   Level
 Mercury Vapours          Alch/Air       16%        N/A       13%         2
 Mephitic Cloud           Conj/Alch/Air  7%         N/A       28%         3
 Olgreb's Toxic Radiance  Alch           15%        N/A       36%         4
 Sticky Flame             Fire/Alch      8%         2d4       63%         4


Dungeon Overview and Level Annotations

Branches:
Dungeon (2/15)

Altars:
Fedhas


Innate Abilities, Weirdness & Mutations

You cannot wear most types of armour.
You are amphibious.
You can wear up to eight rings at the same time.
Your skin changes colour to match your surroundings (Stealth+).
Your rubbery body absorbs attacks. (AC +1, EV +1)
((You are camouflaged when in or above water. (Stealth+)))
You have tentacles for arms and can constrict up to eight enemies at once.


Message History

Aiming: Sting (safe; 8% risk of failure)
Press: ? - help, Shift-Dir - straight line, f - goblin
Aim: a goblin, wielding a +0 club (asleep, 100% to hit)
You miscast Sting.
You are very lightly contaminated with residual magic.
Nothing appears to happen.
The goblin shouts!
You barely miss the goblin. Your grab misses the goblin.
You squeeze the goblin.
You kill the goblin!
No target in view!
You see here a +0 club.
Your magical contamination has completely faded away.
Found a stone staircase leading down.
Unknown command.
There is a stone staircase leading down here.
You climb downwards.
Found a flux talisman.
Found a stone staircase leading down.
There is a stone staircase leading up here.
Unknown command.
Found 12 gold pieces.
A kobold comes into view. It is wielding a +0 dagger.
You see here a flux talisman.
b - a flux talisman
Casting: Sting (safe; 7% risk of failure)
Confirm with . or Enter, or press ? or * to list all spells.
Aiming: Sting (safe; 7% risk of failure)
Press: ? - help, Shift-Dir - straight line, f - kobold
Aim: a kobold, wielding a +0 dagger (asleep, 100% to hit)
The sting hits the kobold.
The kobold is poisoned.
You kill the kobold!
There is a stone staircase leading down here.
You now have 29 gold pieces (gained 12).
A bat comes into view.
Found a scroll labelled VAESAE MUME.
Casting: Sting (safe; 7% risk of failure)
Confirm with . or Enter, or press ? or * to list all spells.
Aiming: Sting (safe; 7% risk of failure)
Press: ? - help, Shift-Dir - straight line, f - bat
Aim: a bat (asleep, 100% to hit)
The sting hits the bat.
The bat is poisoned.
You kill the bat!
A goblin comes into view. It is wielding a +0 dagger.
The goblin shouts!
You hear a shout!
You hear an angry hiss.
Found a scroll labelled MAMONTAMAI.
A ball python comes into view.
Casting: Sting (safe; 7% risk of failure)
Confirm with . or Enter, or press ? or * to list all spells.
Aiming: Sting (safe; 7% risk of failure)
Press: ? - help, Shift-Dir - straight line, f - goblin
Aim: a goblin, wielding a +0 dagger (64% to hit)
The sting misses the goblin.
You closely miss the goblin. You grab the goblin. You constrict the goblin.
The goblin closely misses you.
You tentacle-slap the goblin but do no damage.
The goblin is moderately wounded.
You constrict the goblin. The goblin hits you with a +0 dagger.
Casting: Sting (safe; 7% risk of failure)
Confirm with . or Enter, or press ? or * to list all spells.
Aiming: Sting (safe; 7% risk of failure)
Press: ? - help, Shift-Dir - straight line, f/p - goblin
Aim: a goblin, wielding a +0 dagger (heavily wounded, constricted by you, 98% to hit)
The sting hits the goblin.
The goblin is poisoned.
The goblin is severely wounded.
You constrict the goblin.
You kill the goblin!
The ball python bites the plant.
The plant begins to die.
The ball python grabs the plant.
The ball python constricts the plant.
Something loses its grip on the plant.
You see here a +0 dagger.
The ball python bites the plant.
The ball python grabs the plant.
The ball python constricts the plant.
A nearby plant withers and dies.
The ball python bites the plant.
The ball python constricts the plant.
You see here a scroll labelled VAESAE MUME.
c - a scroll labelled VAESAE MUME A nearby plant withers and dies.
The ball python loses its grip on the plant.
A kobold comes into view. It is wielding a +0 short sword.
You tentacle-slap the ball python but do no damage.
You grab the ball python. You squeeze the ball python.
You kill the ball python!
Casting: Sting (safe; 7% risk of failure)
Confirm with . or Enter, or press ? or * to list all spells.
Aiming: Sting (safe; 7% risk of failure)
Press: ? - help, Shift-Dir - straight line, f - kobold
Aim: a kobold, wielding a +0 short sword (64% to hit)
The sting hits the kobold.
The kobold is poisoned.
The kobold is heavily wounded.
You kill the kobold!
You hear a splash.
You enter the shallow water.
Found a faded altar of an unknown god.
Things that are here:
a +0 short sword; a kobold corpse
There is a faded altar of an unknown god here.
This altar belongs to (a) Okawaru, (b) Fedhas or (c) Kikubaaqudgha, but you can't tell which.
Press the corresponding letter to learn more about a god, or press enter to convert or escape to cancel.
Fedhas accepts your prayer! Fedhas welcomes you!
The plants of the dungeon cease their hostilities.
Are you sure you want to abandon this character and quit the game? (Confirm with "yes".)

......#######
#.#..~.~...P#
#?#.PPPP.P...
#.P#.......P#
#P.#..⌠.⌠P... #.
#.P#......P.. #.
#.P#)..P...P. #.
#...#.#..#.. #.
#.P.#@# # #.# #.
#...### ..#
#.###.)..#
##.####........#
............#..#
#..####.....##.# .
#...........##.#
#.#..####.#......#
...<.........#####


There were no monsters in sight!

Vanquished Creatures
  A dart slug (D:1)
  An endoplasm (D:1)
  2 goblins
  A ball python (D:2)
  3 bats
  2 kobolds (D:2)
  3 rats (D:1)
13 creatures vanquished.

Notes
Turn   | Place    | Note
-------+----------+-------------------------------------------
     0 | D:1      | Flugslaktarn the Octopode Alchemist began the quest for the
                  | Orb.
     0 | D:1      | Reached XP level 1. HP: 11/11 MP: 3/3
   140 | D:1      | Reached XP level 2. HP: 17/17 MP: 0/5
   213 | D:2      | Found a faded altar of an unknown god.
   216 | D:2      | Prayed at the altar of an unknown god.
   216 | D:2      | Became a worshipper of Fedhas Madash
   216 | D:2      | Reached * piety under Fedhas
   217 | D:2      | Quit the game

Illustrated notes

Levels and vault maps discovered:
D:1:      sevenhm_arrival_forest_fort_small_5, layout_basic, serial_shops,
          nicolae_shop_tiny_waterfront
D:2:      layout_basic, shapermc_ecumenical_altar_mp_ritualfount, uniq_natasha,
          uniq_terence, uniq_sigmund

Action                     || total
---------------------------++-------
  Melee: Unarmed           ||     7
         Constrict         ||     4
         Tentacles         ||     2
   Cast: Sting             ||    12
 Armour: Skin              ||     4
  Dodge: Dodged            ||     2

Table legend: (Time is in decaauts)
 A = Elapsed time spent in this place.
 B = Non-inter-level travel time spent in this place.
 C = Inter-level travel time spent in this place.
 D = Time resting spent in this place.
 E = Time spent auto-exploring this place.
 F = Levels seen in this place.
 G = Mean time per level.
                   A        B        C        D        E       F      G
               +--------+--------+--------+--------+--------+-----+--------+
         Total |    216 |    216 |      0 |      0 |    120 |   2 |  108.0 |
       Dungeon |    216 |    216 |      0 |      0 |    120 |   2 |  108.0 |
               +--------+--------+--------+--------+--------+-----+--------+

Top non-repeatable levels by time:
     D:1: 179 daAuts
     D:2: 37 daAuts
